AoeStats
← nanakusa

Nomad

506923974Analyzed
4v4 RM · 17d ago on Sep 15, 2026· 74m 20s· 8 players
Game mode
Random Map
Map size
231×231
Population
200
Speed
Normal
Resources
Standard
Victory
Conquest
Starting age
Dark Age
Ending age
Imperial Age
RankedLock teamsTeams togetherTeam positionsShared explorationLock speedFull tech treeHidden civsTurbo modeCheats
Victory
Defeat
🇪🇨 Spanish · Ecuador
1459
+16
🇨🇿 Bengalis · Czechia
1436
+17
🇩🇪 Malay · Germany
1374
+20
🇨🇦 Mongols · Canada
1367
+20
🇦🇷 Japanese · Argentina
1564
-22
🇯🇵 Lithuanians · Japan
1562
-23
🇧🇷 Dravidians · Brazil
1381
-15
🇲🇩 Persians · Moldova
1319
-13
Rakosnik
13:22 Loom
15:20 Feudal Age
16:50 Double-Bit Axe
19:50 Castle Age
17:46 Fishing Lines
19:40 Gold Mining
20:05 Scale Barding Armor
20:10 Forging
20:48 Bloodlines
21:02 Medium Warships
20:58 Husbandry
21:37 Chain Barding Armor
23:24 Gillnets
25:08 Horse Collar
26:55 Wheelbarrow
27:21 Iron Casting
27:34 Light Cavalry
30:21 Hand Cart
31:26 Bow Saw
34:25 Imperial Age
31:42 Man-at-Arms
32:09 Gambesons
32:24 Squires
32:28 Scale Mail Armor
32:53 Long Swordsman
33:18 Arson
34:47 Two-Handed Swordsman
35:45 Chain Mail Armor
35:30 Town Watch
37:32 Blast Furnace
36:41 Champion
38:15 Fletching
39:38 Pikeman
41:43 Bodkin Arrow
45:08 Bracer
45:10 Padded Archer Armor
45:31 Ballistics
46:12 Chemistry
44:38 Elite Skirmisher
46:47 Leather Archer Armor
49:23 Halberdier
55:01 Town Patrol
70:57 Spies/Treason
aoegamer115
4:35 Loom
13:19 Feudal Age
18:04 Castle Age
16:04 Fishing Lines
17:39 Double-Bit Axe
17:35 Horse Collar
18:12 Gold Mining
19:06 Medium Warships
21:12 Wheelbarrow
20:23 Town Watch
21:56 Bow Saw
23:20 Gillnets
28:15 Stone Mining
28:17 Fletching
33:32 Imperial Age
31:10 Bodkin Arrow
31:50 Husbandry
32:00 Bloodlines
31:52 Padded Archer Armor
33:00 Gold Shaft Mining
33:12 Leather Archer Armor
34:21 Hand Cart
33:35 Elite Mangudai
34:36 Conscription
34:37 Drill
34:43 Bracer
35:30 Thumb Ring
35:51 Parthian Tactics
35:37 Onager
37:36 Ballistics
38:16 Chemistry
37:35 Siege Onager
39:07 Siege Engineers
39:16 Masonry
42:03 Hoardings
42:50 Capped Ram
44:03 Siege Ram
68:37 Heavy Warships
67:33 Demolition Ship
68:38 Shipwright
68:29 Clinker Construction
68:29 Careening
71:20 Carvel Hull
71:23 Spies/Treason
[ECU] QUITUS
7:24 Loom
12:48 Feudal Age
16:11 Castle Age
20:33 Padded Archer Armor
30:53 Fletching
34:10 Wheelbarrow
40:21 Stone Mining
45:44 Gold Mining
48:33 Stone Shaft Mining
51:20 Double-Bit Axe
51:53 Horse Collar
53:28 Bow Saw
56:48 Leather Archer Armor
59:12 Imperial Age
57:41 Bloodlines
57:54 Husbandry
58:24 Forging
58:15 Scale Mail Armor
59:31 Town Watch
60:25 Ring Archer Armor
60:11 Capped Ram
63:09 Man-at-Arms
63:49 Squires
64:06 Chain Mail Armor
64:27 Iron Casting
63:14 Siege Ram
64:17 Long Swordsman
64:42 Gambesons
64:43 Arson
67:06 Plate Mail Armor
67:05 Two-Handed Swordsman
70:09 Blast Furnace
Marabu
5:56 Loom
15:05 Feudal Age
nanakusa
13:09 Feudal Age
14:31 Wheelbarrow
14:40 Double-Bit Axe
17:12 Castle Age
16:26 Fishing Lines
16:50 Gold Mining
18:02 Medium Warships
18:09 Bow Saw
21:56 Horse Collar
23:41 Loom
24:02 Heavy Plow
26:33 Sanctity
27:22 Pikeman
29:17 Fletching
31:04 Stone Mining
34:36 Imperial Age
32:26 Squires
34:40 Halberdier
36:17 Crop Rotation
38:06 Conscription
38:28 Forging
43:34 Hand Cart
43:16 Bodkin Arrow
46:15 Stone Shaft Mining
48:07 Scale Barding Armor
49:23 Chain Barding Armor
52:25 Plate Barding Armor
55:24 Padded Archer Armor
55:24 Bracer
55:25 Elite Skirmisher
58:23 Hill Forts
63:39 Tower Shields
tower rusher = kys
13:08 Feudal Age
14:01 Double-Bit Axe
17:48 Castle Age
16:31 Gold Mining
16:26 Horse Collar
17:55 Loom
19:05 Fletching
19:54 Bodkin Arrow
20:10 Elite Skirmisher
naYummuYan
3:23 Loom
12:39 Feudal Age
18:23 Castle Age
16:36 Stone Mining
17:24 Double-Bit Axe
19:27 Bow Saw
20:57 Gold Mining
21:52 Medium Warships
22:37 Careening
25:10 Demolition Ship
27:29 Pikeman
32:58 Forging
33:03 Scale Mail Armor
36:12 Chain Mail Armor
36:16 Elite Skirmisher
36:47 Fletching
36:58 Padded Archer Armor
37:51 Thumb Ring
41:33 Imperial Age
40:51 Bodkin Arrow
42:11 Medical Corps
42:39 Conscription
42:24 Bracer
45:06 Chemistry
44:08 Elite Elephant Archer
46:46 Ballistics
47:33 Leather Archer Armor
52:07 Chemistry
52:26 Ring Archer Armor
FutureEwe5582
9:30 Loom
11:47 Feudal Age
15:26 Castle Age
13:30 Double-Bit Axe
16:24 Bow Saw
19:04 Horse Collar
23:57 Heavy Plow
24:41 Fishing Lines
25:48 Wheelbarrow
30:59 Imperial Age
28:45 Hand Cart
28:27 Fletching
29:19 Guard Tower
29:10 Treadmill Crane
29:25 Pikeman
30:06 Squires
30:07 Scale Mail Armor
30:17 Forging
30:03 Bodkin Arrow
31:01 Yasama
30:42 Treadmill Crane
31:13 Masonry
31:27 Town Watch
32:07 Bracer
33:09 Chemistry
33:58 Ballistics
35:05 Chain Mail Armor
35:26 Iron Casting
35:42 Conscription
35:10 Arrowslits
37:56 Plate Mail Armor
37:10 Halberdier
39:08 Kataparuto
39:24 Siege Engineers
39:57 Keep
42:49 Siege Engineers
43:46 Blast Furnace
48:57 Arson
50:15 Two-Man Saw
50:01 Stone Mining
50:01 Gold Mining
53:20 Town Patrol
Connection lost

Rejoining the realm…

Still unreachable

The connection could not be restored.

Session expired

The server has moved on; the page needs a fresh start.